 Dungeon Crawl Stone Soup version 0.20.1-1-g8b1a95d (console) character file.

16 hilaritas the Sneak (level 2, -2/11 HPs)
             Began as a Felid Enchanter on Feb 16, 2018.
             Slain by a hobgoblin
             ... wielding a +0 club
              (3 damage)
             ... on level 1 of the Dungeon.
             The game lasted 00:01:37 (646 turns).

hilaritas the Sneak (Felid Enchanter)                Turns: 646, Time: 00:01:39

Health: -2/11      AC:  1    Str:  4    XL:     2   Next: 37%
Magic:  5/6        EV: 18    Int: 16    God:
Gold:   61         SH:  0    Dex: 16    Spells: 2/5 levels left
                                        Lives:  0   Deaths: 0

rFire    . . .     SeeInvis +     - Unarmed
rCold    . . .     Gourm    .   (shield unavailable)
rNeg     . . .     Faith    .   (armour unavailable)
rPois    .         Spirit   .   (helmet unavailable)
rElec    .         Reflect  .   (cloak unavailable)
rCorr    .         Harm     .   (gloves unavailable)
MR       .....                  (boots unavailable)
Stlth    +++.......             (no amulet)
Regen    0.1/turn               (no ring)
MPRegen  0.1/turn               (no ring)

@: quick
A: no armour, no weapons or thrown items, stealth, claws 1, fangs 3, see
invisible, carnivore 3, speed 1, shaggy fur 1, slow metabolism 1, sharp paws
a: no special abilities


You were on level 1 of the Dungeon.
You were full.

You visited 1 branch of the dungeon, and saw 1 of its levels.

You collected 61 gold pieces.

Inventory:

Potions
 c - a potion of resistance {unknown}
 d - a potion of berserk rage {unknown}
 e - a potion of agility {unknown}
Books
 a - a book of Maledictions

   Spells                             Type                      Level
   a - Corona                         Hexes                        1
   b - Ensorcelled Hibernation        Hexes/Ice                    2
   c - Confuse                        Hexes                        3
   d - Tukima's Dance                 Hexes                        3
   e - Dazzling Spray                 Conjuration/Hexes            3
Comestibles
 b - 2 meat rations


   Skills:
 - Level 2.6 Dodging
 + Level 4.8 Stealth
 * Level 1.7 Unarmed Combat
 - Level 2.0 Spellcasting
 - Level 4.4 Hexes


You had 2 spell levels left.
You knew the following spells:

 Your Spells              Type           Power        Failure   Level  Hunger
a - Corona                Hex            ###....      3%          1    #......
b - Ensorcelled Hibernat  Hex/Ice        #.....       13%         2    ###....


Dungeon Overview and Level Annotations

Branches:
Dungeon (1/15)

Altars:


Innate Abilities, Weirdness & Mutations

You cannot wear armour.
You are incapable of wielding weapons or throwing items.
Your paws allow you to move quietly. (Stealth)
You have sharp claws.
You have razor-sharp teeth.
You have supernaturally acute eyesight. (SInv)
You are carnivorous and can eat meat at any time.
You cover ground quickly.
You are covered in fur. (AC +1)
You have a slow metabolism.
Your sharp claws are effective at attacking unaware monsters.


Message History

The kobold shouts!
Your bite misses the kobold. The kobold barely misses you.
The hobgoblin completely misses you.
You closely miss the kobold. The kobold completely misses you.
The hobgoblin closely misses you.
You completely miss the kobold. The kobold completely misses you.
The hobgoblin barely misses you.
You barely miss the kobold. The kobold barely misses you.
The hobgoblin closely misses you.
You scratch the kobold but do no damage.
The kobold hits you. The hobgoblin hits you with a club.
Casting: Corona
Confirm with . or Enter, or press ? or * to list all spells.
Aiming: Corona
Press: ? - help, Shift-Dir - straight line, f - hobgoblin
Aim: a hobgoblin, wielding a club (chance to defeat MR: 69%)
The hobgoblin is outlined in light.
The kobold hits you.
* * * LOW HITPOINT WARNING * * *
The hobgoblin hits you with a club.
You die...

........##..#..##..
...[........#..##..
.........####......
...........##.###.. #.
........##.##...... #.#.
###.######.....##.. .#.#.##
#.. ###..###.. .......####
#.# #....... ......(...# .#
##..##..
.....#..#.###g###..# #..##..
#....?.....@K.....####..##..
#........###........##..
##.####.............)... #.#
#.####.##########. #.####.#
#. #......# . ######.# . #.#
. .# . #


You could see a hobgoblin and a kobold.

Vanquished Creatures
  An ooze (D:1)
  A leopard gecko (D:1)
  2 giant cockroaches (D:1)
  2 goblins (D:1)
  A hobgoblin (D:1)
  2 bats (D:1)
  A rat (D:1)
10 creatures vanquished.

Notes
Turn   | Place    | Note
-------+----------+-------------------------------------------
     0 | D:1      | hilaritas the Felid Enchanter began the quest for the Orb.
     0 | D:1      | Reached XP level 1. HP: 7/7 MP: 4/4
   225 | D:1      | Reached XP level 2. HP: 11/11 MP: 4/6
   246 | D:1      | Learned a level 2 spell: Ensorcelled Hibernation
   330 | D:1      | HP: 1/11 [ooze (4)]
   646 | D:1      | HP: 1/11 [kobold (4)]
   646 | D:1      | Slain by a hobgoblin

Action                   || total
-------------------------++-------
Melee: Unarmed           ||    37
       Bite              ||     3
 Cast: Corona            ||     6
  Use: Scroll            ||     1
 Stab: Sleeping          ||     4
  Eat: Chunk             ||     3
Dodge: Dodged            ||    31
